 Dungeon Crawl Stone Soup version 0.29.0-4-gdea44cf6ec (webtiles) character file.

Game seed: 10651730937060997647

32 qw the Caller (level 3, 0/28 HPs)
             Began as a Ghoul Summoner on Sept 10, 2022.
             Slain by a quokka (1 damage)
             ... on level 1 of the Dungeon.
             The game lasted 00:00:32 (1056 turns).

qw the Caller (Ghoul Summoner)                      Turns: 1056, Time: 00:00:33

Health: 0/28       AC: 10    Str: 13    XL:     3   Next: 27%
Magic:  4/4        EV:  3    Int: 10    God:
Gold:   60         SH:  0    Dex:  9    Spells: 4/5 levels left

rFire   . . .      SeeInvis .   Y - +0 flail
rCold   + . .      Faith    .   (no shield)
rNeg    + + +      Spirit   .   i - +0 plate armour
rPois   inf        Reflect  .   (no helmet)
rElec   .          Harm     .   (no cloak)
rCorr   +          Rampage  .   (no gloves)
Will    .....                   (no boots)
Stlth   ..........              (no amulet)
HPRegen 0.00/turn               e - ring of resist corrosion
MPRegen 0.09/turn               (no ring)

@: inhibited regen
A: claws 1, cold resistance 1, negative energy resistance 3, inhibited
regeneration, torment resistance 2, devour on kill
a: no special abilities


You were on level 1 of the Dungeon.
You visited 1 branch of the dungeon, and saw 2 of its levels.

You collected 60 gold pieces.


Innate Abilities, Weirdness & Mutations

You are immune to poison.
You have sharp fingernails.
Your flesh is cold resistant. (rC+)
You are immune to negative energy. (rN+++)
You do not regenerate when monsters are visible.
You are immune to unholy pain and torment.
You thrive by killing the living.


   Skills:
 - Level 1.0 Fighting
 - Level 2.0 Axes
 + Level 0.7 Armour
 - Level 1.7 Dodging
 - Level 2.1 Stealth
 - Level 1.7 Spellcasting
 - Level 3.6 Summonings


You had 4 spell levels left.
You knew the following spells:

 Your Spells              Type           Power      Damage    Failure   Level
a - Summon Small Mammal   Summ           32%        N/A       100%        1

Your spell library contained the following spells:

 Spells                   Type           Power      Damage    Failure   Level
 Call Imp                 Summ           8%         N/A       100%        2
 Call Canine Familiar     Summ           8%         N/A       100%        3
 Summon Guardian Golem    Hex/Summ       4%         N/A       100%        3
 Summon Lightning Spire   Summ/Air       4%         N/A       100%        4

Inventory:

Hand Weapons
 Y - a +0 flail (weapon)
Armour
 i - a +0 plate armour (worn)
Jewellery
 e - a ring of resist corrosion (left claw)
Scrolls
 a - a scroll of identify {unknown}
Potions
 c - a potion of curing

Dungeon Overview and Level Annotations

Branches:
Dungeon (2/15)

Altars:

Shops:
D:1 [


Message History

The kobold throws a stone.
The stone barely misses you.
You barely miss the hobgoblin.
The hobgoblin is moderately wounded.
The quokka bites you but does no damage.
The hobgoblin hits you.
The quokka bites you but does no damage.
1050 ||| Stepping ~*~*~tactically~*~*~ (outnumbered).
The hobgoblin attacks as you move away! The hobgoblin hits you.
The quokka attacks as you move away! The quokka bites you.
1051 ||| Stepping ~*~*~tactically~*~*~ (outnumbered).
There is an entrance to Cuush's Antique Armour Shop here.
You closely miss the hobgoblin.
The hobgoblin is moderately wounded.
The kobold hits you with a +0 short sword of draining.
The hobgoblin hits you but does no damage. x2
The kobold hits you but does no damage.
You barely miss the hobgoblin.
The hobgoblin is moderately wounded.
The quokka bites you but does no damage.
The kobold hits you but does no damage. The hobgoblin hits you.
The quokka twitches its whiskers.
The quokka bites you but does no damage.
You closely miss the hobgoblin.
The hobgoblin is lightly wounded.
The kobold hits you with a +0 short sword of draining.
The hobgoblin barely misses you.
The quokka bites you but does no damage.
The hobgoblin hits you. The kobold hits you but does no damage.
You barely miss the hobgoblin.
The hobgoblin is lightly wounded.
The quokka bites you.
The quokka bites you but does no damage.
The kobold hits you but does no damage.
The hobgoblin hits you but does no damage.
You barely miss the hobgoblin.
The hobgoblin is lightly wounded.
The quokka bites you. The kobold hits you but does no damage.
The hobgoblin hits you but does no damage.
The quokka bites you.
You die...

.# #.#.###.### ..
.####.#...#...#####.##
...%.................
.###...)......#####.# .#
#..........#####.# .#
#................# # .#
#................# .# .#
#..........##.r.######.#
.#
#...........#@Kg...(...##
##
#.####..###.##g..........
# ...
#..###.#..........##
.......
#.............#####
....... .. #.........)#
....... ##.......$...#
....... ####....#$.....#
....... ####...#.....
....... #.#...####


You could see a quokka, a hobgoblin, a goblin and a kobold.

Vanquished Creatures
  3 dart slugs (D:1)
  A ball python (D:1)
  A bat (D:2)
  3 endoplasms (D:1)
  2 goblins (D:1)
  3 hobgoblins
  A kobold (D:2)
  3 quokkas
  2 rats
19 creatures vanquished.

Vanquished Creatures (collateral kills)
  An endoplasm (D:2)
  A goblin (D:2)
  A ball python (D:2)
3 creatures vanquished.

Grand Total: 22 creatures vanquished

Notes
Turn   | Place    | Note
-------+----------+-------------------------------------------
     0 | D:1      | qw the Ghoul Summoner began the quest for the Orb.
     0 | D:1      | Reached XP level 1. HP: 14/14 MP: 2/2
     0 | D:1      | 0 ||| qw: Version: 0.1-a-113-g051387a
     0 | D:1      | 0 ||| qw: Game counter: 7391
     0 | D:1      | 0 ||| qw: Always use a shield: true
     0 | D:1      | 0 ||| qw: God list: Okawaru
     0 | D:1      | 0 ||| qw: Allow faded altars: false
     0 | D:1      | 0 ||| qw: Do Orc after D:15 true
     0 | D:1      | 0 ||| qw: Do second Lair branch before Depths: true
     0 | D:1      | 0 ||| qw: Lair rune preference: random
     0 | D:1      | 0 ||| qw: Plans: Normal
     0 | D:1      | 0 ||| PLANNING D:1-11
    13 | D:1      | You fall into a shaft and drop 1 floor!
    40 | D:2      | 40 ||| CASTING Summon Small Mammal
    41 | D:2      | 41 ||| CASTING Summon Small Mammal
    44 | D:2      | 44 ||| Stepping ~*~*~tactically~*~*~ (water).
    93 | D:2      | 93 ||| CASTING Summon Small Mammal
    94 | D:2      | 94 ||| CASTING Summon Small Mammal
   105 | D:2      | 105 ||| CASTING Summon Small Mammal
   159 | D:2      | 159 ||| Wielding weapon +0 dagger.
   180 | D:2      | 180 ||| CASTING Summon Small Mammal
   181 | D:2      | 181 ||| CASTING Summon Small Mammal
   210 | D:2      | 210 ||| SWAPPING to +0 flail.
   211 | D:2      | 211 ||| DROPPING +0 dagger.
   230 | D:2      | 230 ||| CASTING Summon Small Mammal
   231 | D:2      | 231 ||| CASTING Summon Small Mammal
   240 | D:2      | Reached skill level 1 in Axes
   256 | D:2      | 256 ||| CASTING Summon Small Mammal
   257 | D:2      | 257 ||| CASTING Summon Small Mammal
   293 | D:2      | 293 ||| CASTING Summon Small Mammal
   294 | D:2      | 294 ||| CASTING Summon Small Mammal
   301 | D:2      | Reached XP level 2. HP: 22/22 MP: 0/3
   356 | D:2      | 356 ||| CASTING Summon Small Mammal
   357 | D:2      | 357 ||| CASTING Summon Small Mammal
   358 | D:2      | 358 ||| CASTING Summon Small Mammal
   367 | D:2      | 367 ||| CASTING Summon Small Mammal
   369 | D:2      | Reached skill level 1 in Fighting
   540 | D:2      | 540 ||| CASTING Summon Small Mammal
   541 | D:2      | 541 ||| CASTING Summon Small Mammal
   542 | D:2      | 542 ||| CASTING Summon Small Mammal
   586 | D:2      | 586 ||| CASTING Summon Small Mammal
   587 | D:2      | 587 ||| CASTING Summon Small Mammal
   588 | D:2      | 588 ||| CASTING Summon Small Mammal
   674 | D:2      | 674 ||| CASTING Summon Small Mammal
   675 | D:2      | 675 ||| CASTING Summon Small Mammal
   676 | D:2      | 676 ||| CASTING Summon Small Mammal
   738 | D:2      | 738 ||| UPGRADING to +0 leather armour.
   748 | D:2      | 748 ||| DROPPING +0 robe.
   749 | D:2      | 749 ||| UPGRADING to +0 chain mail.
   759 | D:2      | 759 ||| DROPPING +0 leather armour.
   760 | D:2      | 760 ||| UPGRADING to +0 plate armour.
   770 | D:2      | 770 ||| DROPPING +0 chain mail.
   771 | D:2      | 771 ||| UPGRADING to ring of resist corrosion.
   772 | D:2      | 772 ||| READING scroll labelled PICLYBBI YZOHUUL.
   873 | D:2      | 873 ||| READING scroll labelled JUSOIFO HOOPN.
   874 | D:2      | 874 ||| READING scroll labelled DOUHAKH MYLEONO.
   875 | D:2      | 875 ||| DROPPING potion of magic.
   970 | D:1      | Reached XP level 3. HP: 26/28 MP: 4/4
  1004 | D:1      | Found Cuush's Antique Armour Shop.
  1046 | D:1      | 1046 ||| Stepping ~*~*~tactically~*~*~ (outnumbered).
  1048 | D:1      | 1048 ||| Stepping ~*~*~tactically~*~*~ (outnumbered).
  1050 | D:1      | 1050 ||| Stepping ~*~*~tactically~*~*~ (outnumbered).
  1051 | D:1      | 1051 ||| Stepping ~*~*~tactically~*~*~ (outnumbered).
  1054 | D:1      | HP: 5/28 [hobgoblin (3)]
  1056 | D:1      | HP: 1/28 [quokka (2)]
  1056 | D:1      | Slain by a quokka

Levels and vault maps discovered:
D:1:      dpeg_arrival_erosion, layout_rooms, serial_shops, shop,
          minmay_hexomino_f4
D:2:      wander_river, layout_basic, ebering_ecumenical_altar_sacrificial

Skill      XL: |  1  2 |
---------------+-------+-----
Axes           | 1 2 |  2.0
Fighting       | 1 |  1.0
Armour         | |  0.7
Dodging        | |  1.7
Stealth        | |  2.1
Spellcasting   | |  1.7
Summonings     | |  3.6

Action                   || total
-------------------------++-------
Melee: Flail             ||    49
       Unarmed           ||     3
       Dagger            ||     1
       Punch             ||     1
 Cast: Summon Small Mamm ||    23
  Use: Scroll            ||     3
Armor: Robe              ||     5
       Plate armour      ||    40
Dodge: Dodged            ||    20

Table legend:
 A = Non-vault XP
 B = Vault XP
 C = Vault XP percentage of total XP
 D = Non-vault monster count
 E = Vault monster count
 F = Vault count percentage of total count
                 A         B        C        D         E       F
            +---------+---------+-------+---------+---------+-------
      Total |      45 |       2 |   4.3 |      21 |       1 |   4.5
            +---------+---------+-------+---------+---------+-------
        D:1 |      27 |       2 |   6.9 |      11 |       1 |   8.3
        D:2 |      18 |       0 |   0.0 |      10 |       0 |   0.0
            +---------+---------+-------+---------+---------+-------
